 Dungeon Crawl Stone Soup version 0.27-a0-1456-gf5a116941d (webtiles) character file.

Game seed: 6476347173354504626

2411 robertstho the Thaumaturge (level 9, -8/46 HPs)
             Began as a Deep Elf Fire Elementalist on July 6, 2021.
             Was an Initiate of Sif Muna.
             Splashed by a jelly's acid (11 damage)
             ... on level 6 of the Dungeon.
             The game lasted 00:11:49 (6228 turns).

robertstho the Thaumaturge (DEFE)                   Turns: 6228, Time: 00:11:50

Health: -8/46      AC:  0    Str:  3 (5)  XL:     9   Next: 23%
Magic:  1/25       EV: 11    Int: 23 (24) God:    Sif Muna [......]
Gold:   33         SH:  0    Dex: 12 (15) Spells: 11/29 levels left

rFire    + . .     SeeInvis .   e - +0 flail (protect)
rCold    x . .     Faith    .   (no shield)
rNeg     . . .     Spirit   .   b - +0 troll leather armour
rPois    .         Reflect  .   (no helmet)
rElec    .         Harm     .   (no cloak)
rCorr    .         Rampage  .   (no gloves)
Will     .....                  (no boots)
Stlth    ++........             (no amulet)
HPRegen  1.15/turn              d - +4 ring of slaying
MPRegen  0.19/turn              k - ring of fire

@: lethally poisoned (-8 -> -14), corroded, very slightly contaminated
A: no striking features
a: Renounce Religion


You were on level 6 of the Dungeon.
You worshipped Sif Muna.
Sif Muna was noncommittal.
You visited 1 branch of the dungeon, and saw 6 of its levels.

You collected 272 gold pieces.
You spent 239 gold pieces at shops.

Inventory:

Hand Weapons
 e - a +0 flail of protection (weapon)
Armour
 a - a +0 robe
 b - a +0 troll leather armour (worn)
Jewellery
 d - a +4 ring of slaying (left hand)
 f - a ring of positive energy
 k - a ring of fire (right hand)
Wands
 o - a wand of iceblast (23)
Scrolls
 c - a scroll of fear
 g - a scroll of amnesia {unknown}
 i - 2 scrolls of magic mapping
 j - 4 scrolls of teleportation {unknown}
 l - a scroll of fog
 m - a scroll of vulnerability {unknown}
 s - a scroll of noise {unknown}
Potions
 h - a potion of attraction
 n - a potion of cancellation
 p - a potion of might {unknown}
 q - a potion of ambrosia {unknown}
 r - a potion of degeneration


   Skills:
 + Level 0.4 Fighting
 + Level 0.1 Maces & Flails
 + Level 0.3 Armour
 + Level 2.9 Dodging
 + Level 3.2 Stealth
 * Level 10.5 Spellcasting
 * Level 6.8 Conjurations
 * Level 8.0 Fire Magic
 * Level 1.9 Invocations


You had 11 spell levels left.
You knew the following spells:

 Your Spells              Type           Power      Damage    Failure   Level
a - Foxfire               Conj/Fire      100%       2x1d9     1%          1
b - Conjure Flame         Conj/Fire      62%        6-21      1%          3
c - Sticky Flame          Conj/Fire      62%        2d8       4%          4
d - Fireball              Conj/Fire      31%        3d13      14%         5
e - Bolt of Magma         Conj/Fire/Erth 25%        4d12      36%         5

Your spell library contained the following spells:

 Spells                   Type           Power      Damage    Failure   Level
 Inner Flame              Hex/Fire       45%        N/A       6%          3
 Pain                     Necr           48%        1d6       11%         1
 Ignite Poison            Fire/Tmut/Pois 36%        N/A       11%         3
 Mephitic Cloud           Conj/Pois/Air  22%        N/A       12%         3
 Agony                    Necr           12%        N/A       96%         5
 Excruciating Wounds      Necr           6%         N/A       96%         5


Dungeon Overview and Level Annotations

Branches:
Dungeon (6/15)             Temple (0/1) D:6

Altars:
Sif Muna
Trog
Uskayaw
Yredelemnul

Shops:
D:4 *   D:5 *

Annotations:
D:4 1 runed translucent door, quinnr's ghost, weakling DEAE


Message History

Casting: Foxfire (safe; 1% risk of failure)
Press: ? - help, Q - select action, (/) - cycle Dir - look around, f - activate You feel a surge of power!
You conjure some foxfire!
The scorpion barely misses you.
Unknown command.
A white imp comes into view.
The foxfire hits the scorpion.
The scorpion is moderately wounded.
The foxfire hits the scorpion.
The scorpion is heavily wounded.
Unknown command.
Casting: Foxfire (safe; 1% risk of failure)
Press: ? - help, Q - select action, (/) - cycle Dir - look around, f - activate You feel a surge of power!
You conjure some foxfire!
The white imp shouts, "Turn tail, thou spindly toad-spotted wormtrail!"
The scorpion stings you.
You are poisoned.
The scorpion poisons you! The jelly closely misses you.
The scorpion stings you.
You are more poisoned.
The scorpion poisons you!
You feel very sick.
The foxfire hits the scorpion but does no damage.
The scorpion is heavily wounded.
The foxfire hits the killer bee zombie!
The killer bee zombie is moderately damaged.
The white imp gestures at you. The puff of frost hits you!
You feel a terrible chill! The jelly hits you.
* * * LOW HITPOINT WARNING * * *
The acid corrodes you!
You are splashed with acid!
* * * LOW HITPOINT WARNING * * *
It was a potion of degeneration.
There was something very wrong with that liquid.
You feel weakened.
You feel dopey.
You feel clumsy.
* * * LOW HITPOINT WARNING * * *
You feel very sick. The jelly hits you.
* * * LOW HITPOINT WARNING * * *
You are splashed with acid!
You die...

....#............
###>...............
..#.......#.......)..
...................
#....5........... .......
##..............# ........
.....).........## #.......
.....)/..@§..<..###.....≈≈
........JsZ..#...##...≈≈≈≈
.#..)s.....##......≈≈≈≈≈
##.........#......≈≈≈≈≈
.....#..............≈≈≈≈≈
.....##.......####...≈≈≈≈≈
..... ##......# #....≈≈≈≈
.... ......## ###....≈≈
... ##....#######.......


You could see 2 scorpions, a jelly, a white imp and a killer bee zombie.

Vanquished Creatures
  A two-headed ogre (D:6)
  A troll (D:5)
  Grinder (D:4)
  2 water moccasins
  3 black bears
  2 ogres
  A bullfrog (D:5)
  2 scorpions
  A wyvern skeleton (D:5)
  3 wights (D:6)
  2 centaur zombies
  A hound (D:5)
  Jessica (D:2)
  An orc wizard (D:3)
  Robin (D:4)
  3 gnolls (D:2)
  7 adders
  A white imp (D:5)
  An ufetubus (D:4)
  An adder skeleton (D:4)
  An adder zombie (D:5)
  A worm (D:4)
  5 dart slugs
  10 orcs
  7 ball pythons
  10 endoplasms
  A giant cockroach (D:4)
  13 goblins
  8 hobgoblins
  9 jackals
  6 quokkas
  7 bats
  8 frilled lizards
  2 kobolds
124 creatures vanquished.

Vanquished Creatures (others)
  616 foxfires
  2 withered plants (D:4)
618 creatures vanquished.

Grand Total: 742 creatures vanquished

Notes
Turn   | Place    | Note
-------+----------+-------------------------------------------
     0 | D:1      | robertstho the Deep Elf Fire Elementalist began the quest
                  | for the Orb.
     0 | D:1      | Reached XP level 1. HP: 10/10 MP: 6/6
   228 | D:1      | Reached XP level 2. HP: 15/15 MP: 6/8
  1043 | D:1      | Found a faded altar of an unknown god.
  1047 | D:1      | Reached XP level 3. HP: 19/19 MP: 7/10
  1741 | D:2      | Reached skill level 4 in Spellcasting
  1845 | D:2      | Noticed Jessica
  1848 | D:2      | Killed Jessica
  1849 | D:2      | Reached XP level 4. HP: 24/24 MP: 9/12
  2418 | D:2      | Reached skill level 5 in Spellcasting
  2814 | D:3      | Reached XP level 5. HP: 27/28 MP: 9/14
  3517 | D:4      | Reached skill level 5 in Fire Magic
  3680 | D:4      | Noticed an ogre
  3691 | D:4      | Killed an ogre
  3692 | D:4      | Reached skill level 6 in Spellcasting
  3692 | D:4      | Reached XP level 6. HP: 32/32 MP: 14/17
  4051 | D:4      | Found Jace's Serpentskin Sales.
  4071 | D:4      | Reached skill level 7 in Spellcasting
  4228 | D:4      | Found a basalt altar of Yredelemnul.
  4233 | D:4      | Noticed Robin
  4246 | D:4      | Killed Robin
  4413 | D:4      | Found a hide-covered altar of Uskayaw.
  4618 | D:4      | Found a runed translucent door.
  4618 | D:4      | Noticed quinnr's ghost (weakling DEAE)
  4620 | D:4      | Noticed Grinder
  4630 | D:4      | Paralysed by Grinder for 2 turns
  4633 | D:4      | Killed Grinder
  4634 | D:4      | Reached XP level 7. HP: 26/36 MP: 10/20
  4839 | D:4      | Learned a level 3 spell: Conjure Flame
  4844 | D:4      | Learned a level 4 spell: Sticky Flame
  4850 | D:4      | Learned a level 5 spell: Fireball
  4856 | D:4      | Learned a level 5 spell: Bolt of Magma
  4877 | D:5      | Entered Level 5 of the Dungeon
  5078 | D:5      | Reached skill level 8 in Spellcasting
  5131 | D:5      | Found Mecheat's Assorted Antiques.
  5145 | D:5      | Noticed a troll
  5319 | D:5      | Reached XP level 8. HP: 41/41 MP: 15/22
  5505 | D:5      | Bought a scroll of identify for 44 gold pieces
  5505 | D:5      | Bought 2 scrolls labelled ROTAUR VADUHE for 44 gold pieces
  5505 | D:5      | Bought a scroll labelled ITOLIO ULEAROD for 22 gold pieces
  5505 | D:5      | Bought a golden potion for 19 gold pieces
  5505 | D:5      | Bought a scroll labelled ROTAUR VADUHE for 22 gold pieces
  5505 | D:5      | Bought a curved wooden wand for 88 gold pieces
  5520 | D:5      | Reached skill level 5 in Conjurations
  5615 | D:5      | Killed a troll
  5616 | D:5      | Reached skill level 9 in Spellcasting
  5659 | D:5      | Found a shimmering blue altar of Sif Muna.
  5672 | D:5      | Found a bloodstained altar of Trog.
  5679 | D:5      | Became a worshipper of Sif Muna the Loreminder
  5988 | D:6      | Noticed a two-headed ogre
  5997 | D:6      | Killed a two-headed ogre
  5998 | D:6      | Reached skill level 10 in Spellcasting
  5998 | D:6      | Reached skill level 1 in Invocations
  5998 | D:6      | Reached XP level 9. HP: 21/46 MP: 8/25
  6129 | D:6      | Found a staircase to the Ecumenical Temple.
  6228 | D:6      | Splashed by a jelly's acid

Illustrated notes

Levels and vault maps discovered:
D:1:      nicolae_arrival_somewhat_less_tricky_arrival, layout_loops_ring,
          hellmonk_ecumenical_altar_run_dry
D:2:      minmay_general_purpose_star, layout_loops_ring, uniq_jessica
D:3:      layout_basic
D:4:      layout_basic, amcnicky_altar_gilded, lemuel_crystal_altar,
          gammafunk_ghost_grave, guppyfry_shop_venom, uniq_robin, uniq_grinder
D:5:      layout_basic, kennysheep_little_box, trog_ov_bears_minmay,
          serial_shops, nicolae_shop_trees
D:6:      layout_cave_pools, temple_pool_b, uniq_menkaure

Skill      XL: |  1  2  3  4  5  6  7  8  9 |
---------------+----------------------------+-----
Fire Magic     | 4 5 6 7 8 |  8.0
Spellcasting   | 4 5 6 7 8 10 | 10.5
Conjurations   | 2 3 4 6 |  6.8
Stealth        | 3 |  3.2
Invocations    | 1 |  1.9
Fighting       | |  0.4
Maces & Flails | |  0.1
Armour         | |  0.3
Dodging        | |  2.9

Action                   |  1- 3 |  4- 6 |  7- 9 || total
-------------------------+-------+-------+-------++-------
Melee: Unarmed           |     1 |       |       ||     1
       Flail             |     1 |     1 |       ||     2
 Cast: Foxfire           |    99 |   178 |    99 ||   376
       Sticky Flame      |       |       |     2 ||     2
       Fireball          |       |       |     2 ||     2
       Bolt of Magma     |       |       |     2 ||     2
  Use: Potion            |       |     3 |     1 ||     4
       Scroll            |       |       |     4 ||     4
 Stab: Sleeping          |     1 |       |       ||     1
Armor: Robe              |     3 |     2 |     2 ||     7
Dodge: Dodged            |     5 |    16 |    13 ||    34

Table legend: (Time is in decaauts)
 A = Elapsed time spent in this place.
 B = Non-inter-level travel time spent in this place.
 C = Inter-level travel time spent in this place.
 D = Time resting spent in this place.
 E = Time spent auto-exploring this place.
 F = Levels seen in this place.
 G = Mean time per level.
                   A        B        C        D        E       F      G
               +--------+--------+--------+--------+--------+-----+--------+
         Total |   6227 |   6047 |    180 |    433 |   4846 |   6 | 1037.8 |
       Dungeon |   6227 |   6047 |    180 |    433 |   4846 |   6 | 1037.8 |
               +--------+--------+--------+--------+--------+-----+--------+

Top non-repeatable levels by time:
     D:4: 1706 daAuts
     D:1: 1566 daAuts
     D:5: 1045 daAuts
     D:2: 977 daAuts
     D:3: 763 daAuts
     D:6: 168 daAuts
